 Dungeon Crawl Stone Soup version 0.18.1-6-gd335043 (webtiles) character file.

3764 Dragandan the Nimble (level 10, -5/62 HPs)
             Began as a Tengu Berserker on May 16, 2016.
             Was a High Priest of Trog.
             Engulfed by a cloud of freezing vapour (8 damage)
             ... on level 8 of the Dungeon.
             The game lasted 00:52:07 (6951 turns).

Dragandan the Nimble (Tengu Berserker)              Turns: 6951, Time: 00:52:07

Health: -5/62      AC:  8    Str: 21    XL:     10   Next: 15%
Magic:  20/20      EV: 19    Int: 11    God:    Trog [*****.]
Gold:   419        SH:  0    Dex: 14    Spells: 0 memorised, 9 levels left

rFire  . . .     SeeInvis .     x - +2 battleaxe
rCold  . . .     Gourm    .     b - +2 animal skin
rNeg   . . .     Faith    .     (shield currently unavailable)
rPois  .         Spirit   .     (helmet restricted)
rElec  +         Dismiss  .     B - +2 cloak {+Inv}
rCorr  .         Reflect  .     (no gloves)
SustAt .         Harm     .     (boots unavailable)
MR     .....                    (no amulet)
Stlth  +++.......               (no ring)
                                e - ring of magical power

@: not resistant to hostile enchantments, fairly stealthy
A: antennae 1, beak, talons 3, rugged brown scales 1, blink, clever 1, sense
surroundings 1, regeneration 1, screaming 1, electricity resistance, strong 1,
able to fly 1
a: Fly, Blink, Berserk, Trog's Hand, Brothers in Arms, Burn Spellbooks, Renounce
Religion, Evoke Invisibility


You were on level 8 of the Dungeon.
You worshipped Trog.
Trog was extremely pleased with you.
You were not hungry.

You visited 2 branches of the dungeon, and saw 9 of its levels.

You collected 419 gold pieces.

Inventory:

Hand Weapons
 a - a +0 spear
 k - a +0 dagger
 m - a +0 spear
 r - a +1 dagger of holy wrath
 t - a +1 flail of protection
 x - a +2 battleaxe (weapon)
 z - a +2 vampiric rapier
 F - a cursed -1 falchion
Missiles
 d - 8 javelins (quivered)
 f - 77 sling bullets
Armour
 b - a +2 animal skin (worn)
 j - a +0 leather armour
 B - a +2 cloak of invisibility (worn)
Jewellery
 e - a ring of magical power (left hand)
Wands
 n - a wand of slowing (17/48)
 u - a wand of teleportation (5/9)
 v - a wand of acid (10/15)
 y - a wand of polymorph (6/24)
 A - a wand of slowing (18/48)
 D - a wand of slowing (29/48)
Scrolls
 g - a scroll of teleportation
 h - 2 scrolls of magic mapping
 l - 5 scrolls of identify
 E - a scroll of remove curse
Potions
 o - 2 potions of heal wounds
 p - a potion of flight
 w - a potion of ambrosia
Comestibles
 c - 3 bread rations
 i - 3 meat rations
 q - a beef jerky
 s - 7 fruits
 C - 3 chunks of flesh


   Skills:
 + Level 6.7 Fighting
 - Level 1.2(4.6) Axes
 * Level 3.2(3.4) Maces & Flails
 - Level 6.1(6.2) Polearms
 + Level 2.3 Armour
 + Level 11.7 Dodging
 + Level 4.1 Stealth


You had 9 spell levels left.
You didn't know any spells.

Dungeon Overview and Level Annotations

Branches:
Dungeon (8/15)             Temple (1/1) D:6
   Lair: D:8-11

Altars:
Ashenzari
Cheibriados
Dithmenos
Elyvilon
Fedhas
Gozag
Makhleb
Nemelex Xobeh
Ru
Sif Muna
Trog
Vehumet
Xom
Yredelemnul
Zin
The Shining One


Innate Abilities, Weirdness & Mutations

You have a beak for a mouth.
You have claws for feet.
You can fly.
You have a pair of small antennae on your head.
You are partially covered in rugged brown scales (AC +1, +3% HP).
You can translocate small distances at will.
Your mind is acute. (Int +2)
You passively map a small area around you.
Your natural rate of healing is unusually fast.
You occasionally shout uncontrollably at your foes.
You are resistant to electric shocks.
Your muscles are strong. (Str +2)


Message History

You peck the ice beast, but do no damage.
The ice beast is almost dead.
The ice beast hits you but does no damage.
The ice beast completely misses you.
You slash the ice beast!
You kill the ice beast!
Trog accepts your kill.
Your life force feels restored.
Really walk into a travel-excluded area? [Y]es or [N]o only, please.
Really walk into a travel-excluded area?
There is an open door here.
Found 17 gold pieces.
You are engulfed in freezing vapours.
You are engulfed in freezing vapours.
You are engulfed in freezing vapours.
You are engulfed in freezing vapours.
* * * LOW HITPOINT WARNING * * *
You are engulfed in freezing vapours.
You die...

, * #..# * #....$ ... , #..#
...... #.# ** #..###
....#.##.# #.....
........################..###
,#..#####################....
#..#)$)%?§§§§§§§§§§....#.#.#
#..###################.#.#.#
#..#..§§§§§@§§§§§§§§...#.# #
#<.#8'8#################.# ,
##......###...........!..#,
######.####.#####.#######
#..# #.# #.# ##.###.# #.# *
#..##.#####.##
#............., , *
#..##.......## *


There were no monsters in sight!

Vanquished Creatures
  Pikel (D:5)
  Psyche (D:8)
  Prince Ribbit (D:6)
  Grinder (D:6)
  The ghost of dwasdwasdwas the Skirmisher, an amateur OgBe of Trog (D:3)
  The ghost of Lovchig the Shield-Bearer, an amateur DDFi of Okawaru (D:4)
  2 hippogriffs (D:7)
  2 sky beasts
  2 ice beasts
  A phantom (D:4)
  3 centaurs
  A giant frog (D:7)
  A water moccasin skeleton (D:5)
  4 wights (D:6)
  A howler monkey (D:3)
  2 crimson imps (D:5)
  A giant frog zombie (D:7)
  2 jellies
  3 orc priests
  Crazy Yiuf (D:6)
  12 orc wizards
  An iguana (D:8)
  Jessica (D:3)
  3 worker ants
  A hound skeleton (D:4)
  7 adders
  2 shadow imps
  2 oozes
  2 adder skeletons
  A worm (D:2)
  7 giant geckos
  31 orcs
  5 giant cockroaches
  7 goblins
  8 hobgoblins
  11 jackals
  2 quokkas
  3 ball pythons
  8 bats
  3 giant newts
  11 kobolds
  4 rats
  2 fungi (D:3)
166 creatures vanquished.

Vanquished Creatures (collateral kills)
  Duvessa (D:6)
  Dowan (D:6)
2 creatures vanquished.

Vanquished Creatures (others)
  2 slaves (D:5)
  A giant frog (D:5)
  A giant frog skeleton (D:5)
4 creatures vanquished.

Grand Total: 172 creatures vanquished

Notes
Turn   | Place    | Note
--------------------------------------------------------------
     0 | D:1      | Dragandan the Tengu Berserker began the quest for the Orb.
     0 | D:1      | Reached XP level 1. HP: 14/14 MP: 2/2
   527 | D:1      | Reached XP level 2. HP: 19/19 MP: 3/3
   888 | D:1      | Reached ** piety under Trog
   968 | D:1      | Gained mutation: You have a pair of small antennae on your head. [potion of mutation]
   968 | D:1      | Gained mutation: You are resistant to electric shocks. [potion of mutation]
   968 | D:1      | Gained mutation: Your natural rate of healing is unusually fast. [potion of mutation]
   999 | D:1      | Reached XP level 3. HP: 23/23 MP: 4/4
  1536 | D:2      | Reached XP level 4. HP: 17/28 MP: 5/5
  1655 | D:2      | Reached skill level 3 in Dodging
  2074 | D:3      | Gained mutation: You can fly. [Tengu growth]
  2074 | D:3      | Reached XP level 5. HP: 21/33 MP: 6/6
  2078 | D:3      | Reached skill level 4 in Dodging
  2082 | D:3      | Reached *** piety under Trog
  2215 | D:3      | Noticed Jessica
  2222 | D:3      | Killed Jessica
  2242 | D:3      | Reached skill level 1 in Stealth
  2242 | D:3      | Reached XP level 6. HP: 38/38 MP: 7/7
  2574 | D:3      | Noticed dwasdwasdwas's ghost (amateur OgBe)
  2588 | D:3      | HP: 1/57 [dwasdwasdwas's ghost (12)]
  2593 | D:3      | Killed dwasdwasdwas's ghost
  2593 | D:3      | Reached skill level 5 in Dodging
  2691 | D:4      | Gained mutation: You can translocate small distances at will. [potion of mutation]
  2691 | D:4      | Gained mutation: You occasionally shout uncontrollably at your foes. [potion of mutation]
  2691 | D:4      | Gained mutation: You passively map a small area around you. [potion of mutation]
  2722 | D:4      | Reached XP level 7. HP: 42/44 MP: 8/8
  2805 | D:4      | Reached skill level 6 in Dodging
  2908 | D:4      | Noticed Lovchig's ghost (amateur DDFi)
  2925 | D:4      | Killed Lovchig's ghost
  2925 | D:4      | Reached skill level 5 in Polearms
  3225 | D:4      | Reached skill level 7 in Dodging
  3423 | D:5      | Entered Level 5 of the Dungeon
  3505 | D:5      | Noticed Pikel
  3510 | D:5      | Killed Pikel
  3510 | D:5      | Reached skill level 5 in Fighting
  3510 | D:5      | Reached skill level 8 in Dodging
  3510 | D:5      | Reached XP level 8. HP: 49/49 MP: 9/9
  3592 | D:5      | Reached **** piety under Trog
  3736 | D:5      | Reached skill level 9 in Dodging
  4367 | D:6      | Noticed Grinder
  4368 | D:6      | Paralysed by Grinder for 7 turns
  4385 | D:6      | Killed Grinder
  4385 | D:6      | Reached XP level 9. HP: 32/55 MP: 10/10
  4470 | D:6      | Noticed Dowan
  4471 | D:6      | Noticed Duvessa
  4476 | D:6      | Killed Duvessa
  4485 | D:6      | Killed Dowan
  4772 | D:6      | Reached skill level 10 in Dodging
  4777 | D:6      | Noticed Prince Ribbit
  5080 | D:6      | Noticed Crazy Yiuf
  5085 | D:6      | Killed Crazy Yiuf
  5345 | D:6      | Found a staircase to the Ecumenical Temple.
  5361 | Temple   | Entered the Ecumenical Temple
  5450 | D:6      | Killed Prince Ribbit
  5450 | D:6      | Reached skill level 1 in Axes
  5964 | D:7      | Reached skill level 1 in Maces & Flails
  5964 | D:7      | Reached skill level 11 in Dodging
  6326 | D:7      | Reached ***** piety under Trog
  6458 | D:7      | Found a sparkling altar of Nemelex Xobeh.
  6528 | D:7      | Found a snail-covered altar of Cheibriados.
  6574 | D:7      | Found a glowing golden altar of the Shining One.
  6591 | D:7      | Found a deep blue altar of Sif Muna.
  6647 | D:7      | Found a basalt altar of Yredelemnul.
  6679 | D:7      | Reached XP level 10. HP: 61/61 MP: 11/11
  6695 | D:7      | Gained mutation: Your muscles are strong. (Str +2) [mutagenic meat]
  6696 | D:7      | Gained mutation: You are partially covered in rugged brown scales (AC +1, +3% HP). [mutagenic meat]
  6697 | D:7      | Lost mutation: Your muscles are strong. (Str +2) [mutagenic meat]
  6698 | D:7      | Gained mutation: Your muscles are strong. (Str +2) [mutagenic meat]
  6699 | D:7      | Gained mutation: Your mind is acute. (Int +2) [mutagenic meat]
  6717 | D:8      | Noticed Psyche
  6727 | D:8      | Killed Psyche
  6950 | D:8      | HP: 3/62 [something (18)]
  6951 | D:8      | Engulfed by a cloud of freezing vapour

Skill      XL: |  1  2  3  4  5  6  7  8  9 10 |
---------------+-------------------------------+-----
Polearms       | 4 5 6 |  6.1
Dodging        | 3 4 5 8 9 11 | 11.7
Fighting       | 4 5 6 |  6.7
Stealth        | 1 2 3 4 |  4.1
Axes           | 1 |  1.2
Maces & Flails | 2 3 |  3.2
Armour         | |  2.3

Action                   |  1- 3 |  4- 6 |  7- 9 | 10-12 || total
-------------------------+-------+-------+-------+-------++-------
Melee: Spear             |   100 |   159 |   195 |       ||   454
       Kick              |    26 |    46 |   104 |     4 ||   180
       Peck              |    10 |    24 |    74 |     3 ||   111
       Unarmed           |       |       |     2 |       ||     2
       Battleaxe         |       |       |    90 |    15 ||   105
Invok: Berserk           |     2 |     4 |    12 |       ||    18
       Trog's Hand       |       |     1 |       |       ||     1
       Burn Spellbooks   |       |       |     1 |       ||     1
       Brothers in Arms  |       |       |     1 |       ||     1
  Use: Scroll            |     6 |     4 |     7 |       ||    17
       Potion            |     4 |     4 |     6 |       ||    14
 Stab: Sleeping          |     1 |       |     2 |     1 ||     4
  Eat: Chunk             |     4 |     6 |    13 |     8 ||    31
       Bread ration      |       |     1 |     2 |       ||     3
       Fruit             |       |       |     1 |       ||     1
Armor: Animal skin       |    29 |    46 |    37 |     4 ||   116
Dodge: Dodged            |    62 |   132 |   252 |    18 ||   464
